AoeStats
← ddmgsxis89228

Arena

510546500Analyzed
4v4 RM · 11h ago on Oct 1, 2026· 34m 51s· 8 players
Game mode
Random Map
Map size
Large (8 player)
Population
200
Speed
Normal
Resources
Standard
Victory
Conquest
Starting age
Dark Age
Ending age
Imperial Age
RankedLock teamsTeams togetherTeam positionsShared explorationLock speedFull tech treeHidden civsTurbo modeCheats
Victory
Defeat
🇨🇳 Turks · China
985
+15
🇨🇳 Bohemians · China
971
+21
🇨🇳 Franks · China
933
+17
🇨🇳 Mongols · China
898
+18
🇫🇷 Goths · France
982
-18
🇮🇩 Khitans · Indonesia
960
-17
🇺🇸 Turks · United States
931
-15
🇫🇷 Cumans · France
924
-15
EHay14
13:22 Feudal Age
19:28 Castle Age
18:31 Double-Bit Axe
18:42 Stone Mining
IsidoreDucasse
6:48 Loom
10:09 Feudal Age
10:34 Horse Collar
10:40 Double-Bit Axe
14:18 Wheelbarrow
20:36 Castle Age
19:49 Gold Mining
19:49 Stone Mining
19:56 Man-at-Arms
21:42 Bow Saw
21:18 Long Swordsman
21:53 Capped Ram
23:04 Heavy Plow
24:49 Gold Shaft Mining
31:05 Scale Mail Armor
34:28 Pikeman
35:09 Squires
34:54 Arson
alexggg56
7:49 Loom
11:25 Feudal Age
15:20 Castle Age
13:46 Double-Bit Axe
14:09 Horse Collar
16:58 Bow Saw
19:04 Heavy Plow
23:06 Wheelbarrow
25:18 Hand Cart
26:35 Town Watch
30:05 Imperial Age
28:54 Scale Mail Armor
29:05 Forging
29:01 Town Patrol
28:31 Pikeman
29:12 Squires
30:23 Chain Mail Armor
29:59 Fletching
29:55 Treadmill Crane
30:26 Masonry
30:11 Murder Holes
30:37 Ballistics
32:04 Conscription
31:49 Anarchy
32:27 Iron Casting
32:35 Architecture
32:39 Crop Rotation
33:21 Two-Man Saw
34:27 Blast Furnace
33:54 Halberdier
ddmgsxis89228
10:16 Feudal Age
18:23 Castle Age
16:26 Double-Bit Axe
16:27 Domestication
18:42 Light Cavalry
19:52 Bow Saw
19:46 Pastoralism
24:57 Forging
26:25 Iron Casting
30:19 Scale Barding Armor
31:05 Husbandry
33:00 Chain Barding Armor
37:43 Imperial Age
蒙式战车
3:33 Loom
10:43 Feudal Age
15:29 Castle Age
19:11 Pikeman
30:24 Padded Archer Armor
34:26 Fletching
Shrinking head turtle
10:44 Feudal Age
12:04 Double-Bit Axe
14:43 Castle Age
16:10 Wheelbarrow
15:47 Bow Saw
22:32 Hand Cart
22:40 Gold Mining
22:59 Stone Mining
24:52 Gold Shaft Mining
26:14 Town Watch
26:14 Loom
29:07 Imperial Age
27:20 Scale Barding Armor
27:25 Forging
28:22 Chain Barding Armor
28:37 Husbandry
29:06 Husbandry
30:23 Iron Casting
30:23 Town Patrol
29:56 Cavalier
31:26 Plate Barding Armor
32:41 Paladin
33:43 Conscription
35:00 Blast Furnace
K12580
11:14 Feudal Age
15:03 Castle Age
13:04 Double-Bit Axe
15:00 Gold Mining
21:34 Imperial Age
19:43 Horse Collar
153629959
12:18 Feudal Age
16:44 Castle Age
15:37 Double-Bit Axe
15:41 Horse Collar
18:24 Bow Saw
18:33 Heavy Plow
24:44 Ballistics
Connection lost

Rejoining the realm…

Still unreachable

The connection could not be restored.

Session expired

The server has moved on; the page needs a fresh start.